AoeStats
← manteldon

Arabia

511035249Analyzed
1v1 RM · 6h ago on Oct 3, 2026· 50m 25s· 2 players
Game mode
Random Map
Map size
Tiny (2 player)
Population
200
Speed
Normal
Resources
Standard
Victory
Conquest
Starting age
Dark Age
Ending age
Imperial Age
RankedLock teamsTeams togetherTeam positionsShared explorationLock speedFull tech treeHidden civsTurbo modeCheats
Victory
Defeat
🇪🇨 Aztecs · Ecuador
1800
+18
🇩🇪 Byzantines · Germany
1842
-18
[ECU] Shamash
5:55 Loom
11:32 Feudal Age
12:05 Arson
12:14 Horse Collar
12:23 Double-Bit Axe
14:01 Man-at-Arms
16:02 Fletching
18:49 Scale Mail Armor
19:07 Padded Archer Armor
23:41 Castle Age
22:25 Forging
23:49 Eagle Warrior
24:16 Gambesons
24:34 Squires
24:50 Chain Mail Armor
27:51 Bow Saw
29:09 Town Watch
30:14 Sanctity
32:23 Bodkin Arrow
33:47 Wheelbarrow
32:36 Long Swordsman
34:03 Iron Casting
33:38 Gold Mining
36:56 Fervor
43:03 Imperial Age
42:31 Gold Shaft Mining
42:27 Stone Mining
44:18 Plate Mail Armor
44:36 Block Printing
43:51 Elite Eagle Warrior
45:55 Blast Furnace
44:52 Two-Handed Swordsman
49:12 Bracer
51:06 Conscription
manteldon
7:27 Loom
8:54 Loom
10:55 Feudal Age
11:56 Double-Bit Axe
12:45 Horse Collar
14:10 Fletching
16:55 Padded Archer Armor
24:08 Castle Age
23:58 Scale Mail Armor
24:23 Gold Mining
25:41 Chain Mail Armor
31:02 Arson
33:52 Crossbowman
35:11 Bodkin Arrow
38:29 Wheelbarrow
39:42 Ballistics
43:48 Imperial Age
42:59 Forging
43:09 Bow Saw
43:27 Greek Fire
43:51 Arbalester
45:13 Bracer
45:44 Elite Varangian Guard
47:29 Plate Mail Armor
Connection lost

Rejoining the realm…

Still unreachable

The connection could not be restored.

Session expired

The server has moved on; the page needs a fresh start.